 Dungeon Crawl Stone Soup version 0.23-a0-584-g44dd78f (webtiles) character file.

10182 Inarius the Covert (level 11, -1/83 HPs)
             Began as a Demonspawn Chaos Knight on Dec 17, 2018.
             Was a Plaything of Xom.
             Slain by a two-headed ogre
             ... wielding a cursed -3 giant club
              (8 damage)
             ... on level 10 of the Dungeon.
             The game lasted 00:29:23 (13309 turns).

Inarius the Covert (Demonspawn Chaos Knight)       Turns: 13309, Time: 00:29:25

Health: -1/83      AC: 12    Str: 24    XL:     11   Next: 32%
Magic:  13/13      EV: 14    Int: 13    God:    Xom [...*..]
Gold:   423        SH: 16    Dex: 16    Spells: 10/10 levels left

rFire    . . .     SeeInvis .   b - +3 dagger
rCold    + + .     Gourm    .   r - +0 shield
rNeg     . . .     Faith    .   p - +3 leather armour of the Yeti {rElec}
rPois    .         Spirit   .   (helmet unavailable)
rElec    +         Reflect  +   n - +0 cloak
rCorr    .         Harm     .   h - +0 pair of gloves
MR       +....                  (no boots)
Stlth    ++++++++..             M - +5 amulet of reflection
HPRegen  0.23/turn              k - ring of stealth
MPRegen  0.13/turn              I - +5 ring of strength

@: no status effects
A: claws 1, horns 3, talons 1, iridescent scales 1, agile 2, blink, blurry
vision 2, cold resistance 2, dopey 1, magic resistance 1, nightstalker 3, shaggy
fur 1, strong 2
a: Blink, Renounce Religion


You were on level 10 of the Dungeon.
You worshipped Xom.
You were a favourite toy of Xom.
You were hungry.

You visited 1 branch of the dungeon, and saw 13 of its levels.
You also visited: Ossuary.

You collected 698 gold pieces.
You spent 275 gold pieces at shops.

Inventory:

Hand Weapons
 a - a +0 hand axe of chaos
 b - a +3 dagger (weapon)
 G - a +1 dagger of venom
Missiles
 m - 5 poisoned javelins (quivered)
 E - a throwing net
Armour
 h - a +0 pair of gloves (worn)
 n - a +0 cloak (worn)
 p - the +3 leather armour of the Yeti (worn) {rElec}
   (You bought it in a shop on level 6 of the Dungeon)

   It insulates you from electricity.
 r - a +0 shield (worn)
 A - a +1 chain mail of positive energy
Jewellery
 k - a ring of stealth (left hand)
 B - an uncursed ring of poison resistance
 I - a +5 ring of strength (right hand)
 J - an uncursed ring of ice
 M - a +5 amulet of reflection (around neck)
Wands
 z - a wand of digging (12)
 L - a wand of random effects (9)
Scrolls
 f - 4 scrolls of immolation
 i - 2 scrolls of blinking
 l - 6 scrolls of teleportation
 t - a scroll of enchant weapon {unknown}
 u - 5 scrolls of remove curse
 y - a scroll of identify
 C - a scroll of fog
 H - a scroll of noise {unknown}
 K - 2 scrolls of fear
Potions
 d - 3 potions of flight
 e - 2 potions of haste {unknown}
 j - 2 potions of curing
 o - a potion of agility {unknown}
 q - 3 potions of ambrosia
 s - 2 potions of mutation {unknown}
 v - 3 potions of brilliance
 w - 2 potions of heal wounds
 x - a potion of resistance {unknown}
 F - a potion of lignification {unknown}
Comestibles
 c - 28 rations
 g - 6 chunks of flesh


   Skills:
 + Level 6.9 Fighting
 * Level 6.6 Short Blades
 - Level 3.9 Axes
 + Level 1.7 Throwing
 + Level 4.6 Armour
 + Level 6.0 Dodging
 + Level 9.7 Stealth
 + Level 6.0 Shields
 * Level 3.1 Evocations


You had 10 spell levels left.
You didn't know any spells.
Your spell library contained the following spells:

 Spells                   Type           Power        Failure   Level  Hunger
 Corpse Rot               Necr           N/A          86%         2    ###....
 Sublimation of Blood     Necr           #.........   86%         2    ###....
 Agony                    Necr           #.......     100%        5    ######.
 Bolt of Draining         Conj/Necr      #.........   100%        5    ######.
 Dispel Undead            Necr           #.......     100%        5    ######.
 Excruciating Wounds      Chrm/Necr      #.........   100%        5    ######.


Dungeon Overview and Level Annotations

Branches:
Dungeon (13/15)            Temple (0/1) D:4            Lair (0/6) D:8
    Orc: D:9-12      Vaults: D:13-14

Altars:
Ashenzari
Dithmenos
Elyvilon
Gozag
Hepliaklqana
Makhleb
Ru
Sif Muna
Uskayaw
Wu Jian
Xom
The Shining One

Shops:
D:6 *

Annotations:
D:6 2 transporters, iamserjio's ghost, novice NaWn
D:9 1 runed door, kirsanium's ghost, novice OpWn


Innate Abilities, Weirdness & Mutations

You have a pair of large horns on your head.
You are partially covered in iridescent scales. (AC +2)
You are completely attuned to the shadows.
You have sharp fingernails.
You have sharp toenails.
You are very agile. (Dex +4)
You can translocate small distances at will.
Scrolls take you longer to read.
Your flesh is very cold resistant. (rC++)
You are dopey. (Int -2)
You are resistant to hostile enchantments. (MR+)
You are covered in fur. (AC +1)
Your muscles are very strong. (Str +4)


Message History

You block the two-headed ogre's attack. The two-headed ogre misses you.
You hit the two-headed ogre.
The two-headed ogre flickers and vanishes!
Deactivating autopickup; reactivate with Ctrl-A.
Xom thinks this is hilarious!
You claw something. Your headbutt misses something.
You are feeling hungry.
Something hits you. You block something's attack.
b - a +3 dagger (weapon)
Something hits you! x2
Really read with blurry vision while enemies are nearby? [Y]es or [N]o only, please.
Really read with blurry vision while enemies are nearby?
Something hits you!!
* * * LOW HITPOINT WARNING * * *
A shower of butterflies erupts from you!
Something barely misses you.
You begin reading the scroll.
You continue reading the scroll.
You block something's attack. Something hits you!
You die...

# #### #... ......###
#... ........# ...#
#... ........# ...#
#...
........##########...#
######...
..............b..b.b..
.........
....##''######bb@{b$..
......... ...<#......
#..###### ###.#####
##..#...... #..# #.
#..#...... #..# #
#..####### #..#
#......... ##.........
...........∆∆
#####......


There were no monsters in sight!

Vanquished Creatures
  3 two-headed ogres
  A centaur skeleton (D:10)
  2 trolls (D:9)
  A hornet (D:8)
  Prince Ribbit (D:7)
  A hippogriff (D:9)
  A shadow (D:13)
  5 yaks (D:10)
  A wyvern (D:10)
  A hungry ghost (D:9)
  A steam dragon (D:7)
  A water moccasin (D:10)
  A porcupine (D:8)
  3 orc warriors
  3 ice beasts
  A sky beast (shapeshifter) (D:7)
  A necrophage (D:10)
  5 sky beasts
  5 ogres
  An eye of draining (D:10)
  A phantom (D:9)
  A centaur (D:11)
  An elf zombie (Ossuary)
  3 big kobolds
  A gnoll sergeant (D:7)
  8 bullfrogs
  7 scorpions
  9 wights
  3 killer bees (D:9)
  4 howler monkeys (D:9)
  2 crimson imps
  2 bullfrog zombies
  2 centaur zombies
  4 orc priests
  8 hounds
  A jelly (D:10)
  A quasit (D:9)
  2 gnoll shamans (D:7)
  A human zombie (Ossuary)
  A bullfrog skeleton (D:9)
  9 orc wizards
  3 iguanas
  6 worker ants
  2 big kobold zombies (Ossuary)
  A hound zombie (D:9)
  A hound skeleton (D:9)
  2 mummies (Ossuary)
  8 adders
  9 gnolls
  A river rat (D:7)
  2 oozes (D:1)
  3 adder zombies
  3 adder skeletons
  A worm (D:3)
  3 dart slugs (D:1)
  7 leopard geckos
  28 orcs
  A ball python (D:4)
  10 bats
  3 giant cockroaches
  3 goblins
  14 hobgoblins
  2 jackals (D:2)
  12 kobolds
  6 quokkas
  2 frilled lizards
  A goblin zombie (Ossuary)
  9 hobgoblin zombies (Ossuary)
  A jackal skeleton (D:6)
  2 jackal zombies (Ossuary)
  12 kobold zombies (Ossuary)
  5 orc zombies (Ossuary)
  2 quokka skeletons (D:7)
  9 rats
  A rat zombie (Ossuary)
  4 plants (D:7)
289 creatures vanquished.

Vanquished Creatures (collateral kills)
  A sky beast (D:8)
  A centaur zombie (Ossuary)
2 creatures vanquished.

Vanquished Creatures (others)
  A yak (D:10)
  A scorpion (D:5)
  An orc wizard (D:4)
  A gnoll (D:7)
  A kobold (D:8)
5 creatures vanquished.

Grand Total: 296 creatures vanquished

Notes
Turn   | Place    | Note
-------+----------+-------------------------------------------
     0 | D:1      | Inarius the Demonspawn Chaos Knight began the quest for the
                  | Orb.
     0 | D:1      | Reached XP level 1. HP: 18/18 MP: 1/1
    90 | D:1      | Gained mutation: You are slightly more attuned to the
                  | shadows. [demonic ancestry]
    90 | D:1      | Reached XP level 2. HP: 23/24 MP: 2/2
   107 | D:1      | XOM: cast spell 'Summon Small Mammal'
   175 | D:1      | XOM: harmless Air miscast
   195 | D:1      | XOM: noise
   316 | D:1      | Reached skill level 1 in Dodging
   316 | D:1      | Gained mutation: You are significantly more attuned to the
                  | shadows. [demonic ancestry]
   316 | D:1      | Reached XP level 3. HP: 29/29 MP: 3/3
   736 | D:2      | Found a faded altar of an unknown god.
   893 | D:2      | XOM: harmless Ice miscast
   991 | D:2      | XOM: enchant monster (bad)
  1319 | D:2      | Gained mutation: You have a pair of small horns on your
                  | head. [demonic ancestry]
  1319 | D:2      | Reached XP level 4. HP: 37/37 MP: 4/4
  1540 | D:2      | XOM: blink monster(s)
  1663 | D:1      | XOM: summons 2 hostile demons
  1758 | D:2      | XOM: harmless Tloc miscast
  1934 | D:2      | Reached skill level 1 in Stealth
  2011 | D:3      | XOM: 1-stop teleportation journey
  2123 | D:3      | XOM: divination: magic mapping
  2176 | D:3      | Reached XP level 5. HP: 36/42 MP: 5/5
  2352 | D:3      | Found a deep blue altar of Sif Muna.
  2479 | D:3      | Found a glowing golden altar of the Shining One.
  2584 | D:3      | Found an opulent altar of Gozag.
  2671 | D:4      | Found a sand-covered staircase.
  2678 | Ossuary  | Entered an ossuary
  2866 | Ossuary  | XOM: summons 2 friendly demons
  2872 | Ossuary  | Reached skill level 2 in Stealth
  2917 | Ossuary  | XOM: enchant monster (good)
  2920 | Ossuary  | XOM: fog
  2927 | Ossuary  | XOM: divination: detect items
  2949 | Ossuary  | Gained mutation: You have a pair of horns on your head.
                  | [demonic ancestry]
  2949 | Ossuary  | Reached XP level 6. HP: 33/48 MP: 6/6
  2957 | Ossuary  | Reached skill level 3 in Stealth
  3159 | Ossuary  | XOM: medium Air miscast
  3409 | D:4      | XOM: 1-stop teleportation journey
  3734 | D:4      | Found a staircase to the Ecumenical Temple.
  3771 | D:4      | Found an opulent altar of Gozag.
  3962 | D:4      | Found a burning altar of Makhleb.
  3968 | D:4      | Found a hazy altar of Hepliaklqana.
  4036 | D:5      | Entered Level 5 of the Dungeon
  4130 | D:5      | Found a white marble altar of Elyvilon.
  4249 | D:5      | XOM: medium Conj miscast
  4249 | D:5      | Reached XP level 7. HP: 34/55 MP: 7/7
  4485 | D:5      | XOM: medium Tloc miscast
  4532 | D:5      | XOM: confuse monster(s)
  4747 | D:6      | XOM: 3-stop teleportation journey
  4760 | D:6      | Reached skill level 4 in Stealth
  4917 | D:5      | XOM: give mutations
  4917 | D:5      | Gained mutation: You are partially covered in iridescent
                  | scales. (AC +2) [Xom's mischief]
  4917 | D:5      | Gained mutation: You are covered in fur. (AC +1) [Xom's
                  | mischief]
  4917 | D:5      | Gained mutation: You are dopey. (Int -2) [Xom's mischief]
  5065 | D:6      | Found Muemm's Assorted Antiques.
  5069 | D:6      | Bought a steaming leather armour for 175 gold pieces
  5069 | D:6      | Bought a potion of curing for 75 gold pieces
  5069 | D:6      | Bought a scroll labeled COSHRU AXIEF for 25 gold pieces
  5079 | D:6      | Identified the +3 leather armour of the Yeti {rElec} (You
                  | bought it in a shop on level 6 of the Dungeon)
  5104 | D:6      | Found a shimmering altar of Xom.
  5108 | D:6      | Found a sacrificial altar of Ru.
  5110 | D:6      | Found a shattered altar of Ashenzari.
  5111 | D:6      | Found a hide-covered altar of Uskayaw.
  5115 | D:6      | Found a faded altar of an unknown god.
  5147 | D:6      | Found a transporter.
  5204 | D:6      | XOM: potion effect (agility)
  5211 | D:6      | Reached skill level 5 in Fighting
  5351 | D:6      | XOM: cast spell 'Summon Butterflies'
  5353 | D:6      | Noticed a two-headed ogre
  5373 | D:6      | XOM: divination: magic mapping
  5374 | D:6      | Found a transporter.
  5374 | D:6      | Noticed iamserjio's ghost (novice NaWn)
  5378 | D:6      | Noticed a wraith
  5381 | D:6      | Noticed a hungry ghost
  5609 | D:7      | Reached skill level 5 in Stealth
  5647 | D:7      | Noticed a steam dragon
  5654 | D:7      | XOM: butterfly on damage
  5656 | D:7      | Killed a steam dragon
  5656 | D:7      | Reached skill level 1 in Short Blades
  5656 | D:7      | Mutation became permanent: You are partially covered in
                  | iridescent scales. (AC +2) [demonic ancestry]
  5656 | D:7      | Gained mutation: You are partially covered in iridescent
                  | scales. (AC +2) [demonic ancestry]
  5656 | D:7      | Reached XP level 8. HP: 41/62 MP: 8/8
  5696 | D:7      | Noticed Prince Ribbit
  5720 | D:7      | XOM: swap monsters
  5771 | D:7      | XOM: butterfly on damage
  5785 | D:7      | Killed Prince Ribbit
  5785 | D:7      | Reached skill level 1 in Shields
  5948 | D:6      | XOM: fog
  5955 | D:6      | Killed a two-headed ogre
  5955 | D:6      | Reached skill level 6 in Stealth
  6092 | D:6      | Reached skill level 1 in Throwing
  6266 | D:7      | Reached XP level 9. HP: 57/69 MP: 9/9
  6399 | D:6      | XOM: torment (22/69 hp)
  6944 | D:7      | Reached skill level 7 in Stealth
  6962 | D:7      | XOM: scenery: 1 doors close
  7205 | D:7      | XOM: divination: magic mapping
  7234 | D:7      | XOM: mild Conj miscast
  7305 | D:7      | XOM: give mutations
  7305 | D:7      | Gained mutation: You are weak. (Str -2) [Xom's mischief]
  7305 | D:7      | Gained mutation: Scrolls take you a little longer to read.
                  | [Xom's mischief]
  7305 | D:7      | Gained mutation: Scrolls take you longer to read. [Xom's
                  | mischief]
  7385 | D:7      | XOM: polymorph kobold -> river rat
  7415 | D:7      | XOM: chaos upgrade
  8026 | D:7      | XOM: harmless Hex miscast
  8067 | D:7      | XOM: give mutations
  8067 | D:7      | Lost mutation: You are weak. (Str -2) [Xom's mischief]
  8067 | D:7      | Gained mutation: Armour fits poorly on your strangely
                  | shaped body. [Xom's mischief]
  8067 | D:7      | Lost mutation: Armour fits poorly on your strangely shaped
                  | body. [Xom's mischief]
  8458 | D:7      | XOM: stat loss: -1 Dex (11/12)
  8635 | D:8      | XOM: harmless Tmut miscast
  8648 | D:8      | Paralysed by a hornet for 2 turns
  8696 | D:8      | XOM: stat loss: -1 Str (19/20)
  8778 | D:8      | Reached skill level 5 in Dodging
  8949 | D:8      | Reached XP level 10. HP: 76/76 MP: 10/10
  9005 | D:8      | XOM: medium Chrm miscast
  9045 | D:8      | Found a shadowy altar of Dithmenos.
  9064 | D:8      | Reached skill level 8 in Stealth
  9206 | D:8      | Reached skill level 5 in Short Blades
  9206 | D:8      | XOM: swap monsters
  9332 | D:8      | XOM: give mutations
  9332 | D:8      | Gained mutation: Your muscles are strong. (Str +2) [Xom's
                  | grace]
  9332 | D:8      | Gained mutation: You can translocate small distances at
                  | will. [Xom's grace]
  9332 | D:8      | Gained mutation: You have sharp toenails. [Xom's grace]
  9548 | D:8      | XOM: harmless Chrm miscast
  9561 | D:8      | Found an ornate altar of the Wu Jian Council.
  9628 | D:8      | XOM: summons friendly shadow imp
  9629 | D:8      | XOM: confuse monster(s)
 10024 | D:8      | XOM: god gift: shiny shield {god gift}
 10027 | D:8      | XOM: 1-stop teleportation journey
 10235 | D:8      | XOM: give mutation
 10235 | D:8      | Gained mutation: You have a pair of large horns on your
                  | head. [Xom's grace]
 10299 | D:8      | XOM: give mutations
 10299 | D:8      | Gained mutation: You have sharp fingernails. [Xom's grace]
 10299 | D:8      | Gained mutation: Your muscles are very strong. (Str +4)
                  | [Xom's grace]
 10299 | D:8      | Gained mutation: Your flesh is cold resistant. (rC+) [Xom's
                  | grace]
 10299 | D:8      | Gained mutation: You are agile. (Dex +2) [Xom's grace]
 10363 | D:8      | Found a staircase to the Lair.
 10830 | D:9      | XOM: confuse monster(s)
 11021 | D:9      | XOM: summons 4 friendly demons
 11046 | D:9      | Reached skill level 5 in Shields
 11099 | D:9      | XOM: 6-stop teleportation journey
 11163 | D:9      | XOM: torment (22/77 hp)
 11213 | D:9      | XOM: harmless Erth miscast
 11324 | D:9      | XOM: scenery: create altars
 11537 | D:9      | XOM: blink monster(s)
 11548 | D:9      | XOM: polymorph something unseen -> quasit
 11584 | D:9      | Found a runed door.
 11584 | D:9      | Found a shimmering altar of Xom.
 11584 | D:9      | Noticed kirsanium's ghost (novice OpWn)
 11584 | D:9      | Noticed a +1 scimitar of chaos
 11615 | D:9      | XOM: fog
 11649 | D:9      | XOM: 3-stop teleportation journey
 11710 | D:9      | XOM: confuse monster(s)
 11712 | D:9      | Reached skill level 9 in Stealth
 11888 | D:9      | XOM: fog
 11947 | D:10     | Entered Level 10 of the Dungeon
 11948 | D:10     | Noticed a two-headed ogre
 11953 | D:10     | Killed a two-headed ogre
 11953 | D:10     | Reached skill level 1 in Evocations
 12091 | D:10     | Gained mutation: You are completely attuned to the shadows.
                  | [demonic ancestry]
 12091 | D:10     | Reached XP level 11. HP: 83/83 MP: 8/12
 12211 | D:10     | XOM: god gift: 3 scrolls of teleportation
 12347 | D:10     | Noticed a two-headed ogre
 12350 | D:10     | Killed a two-headed ogre
 12590 | D:10     | XOM: cleaving
 12594 | D:10     | XOM: swap monsters
 12597 | D:10     | XOM: harmless Pois miscast
 12641 | D:10     | XOM: butterfly on damage
 12821 | D:10     | XOM: divination: detect items
 12920 | D:10     | XOM: give mutations
 12920 | D:10     | Gained mutation: You are resistant to hostile enchantments.
                  | (MR+) [Xom's grace]
 12920 | D:10     | Gained mutation: You are very agile. (Dex +4) [Xom's grace]
 12920 | D:10     | Gained mutation: Your flesh is very cold resistant. (rC++)
                  | [Xom's grace]
 12981 | D:10     | XOM: 2-stop teleportation journey
 13100 | D:10     | You fall through a shaft for 3 floors!
 13296 | D:10     | Noticed a two-headed ogre
 13308 | D:10     | XOM: butterfly on damage
 13309 | D:10     | Slain by a two-headed ogre

Vault maps used:
D:1:      minmay_arrival_four_circles
D:2:      chequers_ecumenical_altar_simple_redux
D:3:      tso_altar, led_sif_pool, first_ration, nicolae_gozag_seed_capital
D:4:      lemuel_doored_altar, amethyst_overflow_temple_binary, temple_green,
          lightli_ossuary_entry_decrepit_ruins, kennysheep_path_1
D:5:      elyvilon_altar_5
D:6:      chequers_temple_overflow_minitemple, gammafunk_ghost_mausoleum,
          serial_shops, shop, minmay_chambers_of_fives
D:7:      kennysheep_housing_project, uniq_prince_ribbit1
D:8:      nicolae_dithmenos_through_a_glass_darkly, kennysheep_mini_moat,
          grunt_lair_entry_orc_guard_hut
D:9:      ebering_ghost_xom
D:10:     wad_woods_structure_01
D:12:     orc_0_dummy, uniq_sonja
D:13:     grunt_vaults_entry_tiered
Ossuary:  ossuary_tomb_1

Skill      XL: |  1  2  3  4  5  6  7  8  9 10 11 |
---------------+----------------------------------+-----
Axes           | 3 |  3.9
Dodging        | 1 2 3 4 5 6 |  6.0
Armour         | 2 3 4 |  4.6
Stealth        | 1 2 3 5 6 7 9 |  9.7
Fighting       | 4 5 6 |  6.9
Short Blades   | 1 2 4 6 |  6.6
Shields        | 2 3 5 6 |  6.0
Throwing       | 1 |  1.7
Evocations     | 1 3 |  3.1

Action                   |  1- 3 |  4- 6 |  7- 9 | 10-12 || total
-------------------------+-------+-------+-------+-------++-------
Melee: Hand axe          |    94 |   237 |   287 |   130 ||   748
       Headbutt          |       |    46 |    93 |    69 ||   208
       Dagger            |       |    22 |   175 |   138 ||   335
       Kick              |       |       |       |    87 ||    87
Throw: Javelin           |       |       |     6 |     4 ||    10
  Use: Scroll            |       |     4 |     7 |     6 ||    17
       Potion            |       |     4 |     3 |       ||     7
 Stab: Sleeping          |     8 |    14 |    29 |    34 ||    85
       Paralysed         |     2 |     5 |     9 |     2 ||    18
       Distracted        |       |     1 |     2 |     3 ||     6
       Confused          |       |       |     5 |     3 ||     8
       Petrified         |       |       |     2 |     1 ||     3
       Petrifying        |       |       |       |     1 ||     1
  Eat: Chunk             |     1 |     6 |    15 |    11 ||    33
       Ration            |       |     1 |       |     1 ||     2
Armor: Chain mail        |    12 |       |       |       ||    12
       Leather armour    |    26 |   133 |   124 |    43 ||   326
Dodge: Dodged            |    44 |   175 |   125 |    98 ||   442
Block: Other             |       |       |     9 |       ||     9
       Shield            |       |       |   202 |   167 ||   369
       Reflection        |       |       |     6 |     5 ||    11

Table legend:
 A = Non-vault XP
 B = Vault XP
 C = Vault XP percentage of total XP
 D = Non-vault monster count
 E = Vault monster count
 F = Vault count percentage of total count
                 A         B        C        D         E       F
            +---------+---------+-------+---------+---------+-------
      Total |   11085 |    3462 |  23.8 |     204 |      87 |  29.9
            +---------+---------+-------+---------+---------+-------
        D:1 |      48 |       0 |   0.0 |      18 |       0 |   0.0
        D:2 |      64 |       0 |   0.0 |      21 |       0 |   0.0
        D:3 |     102 |       0 |   0.0 |      23 |       0 |   0.0
        D:4 |     162 |       0 |   0.0 |      11 |       0 |   0.0
        D:5 |     106 |       0 |   0.0 |       3 |       0 |   0.0
        D:6 |    1319 |     202 |  13.3 |      12 |       3 |  20.0
        D:7 |    1561 |    1082 |  40.9 |      33 |      31 |  48.4
        D:8 |    1359 |     527 |  27.9 |      25 |       5 |  16.7
        D:9 |    2807 |       0 |   0.0 |      34 |       0 |   0.0
       D:10 |    3078 |    1345 |  30.4 |      21 |       9 |  30.0
       D:11 |     251 |       0 |   0.0 |       2 |       0 |   0.0
       D:13 |     228 |       0 |   0.0 |       1 |       0 |   0.0
    Ossuary |       0 |     306 | 100.0 |       0 |      39 | 100.0
            +---------+---------+-------+---------+---------+-------
